AoeStats
← Tunga

Arabia

505740714Analyzed
1v1 RM · 23d ago on Sep 10, 2026· 38m 5s· 2 players
Game mode
Random Map
Map size
Tiny (2 player)
Population
200
Speed
Normal
Resources
Standard
Victory
Conquest
Starting age
Dark Age
Ending age
Imperial Age
RankedLock teamsTeams togetherTeam positionsShared explorationLock speedFull tech treeHidden civsTurbo modeCheats
Victory
Defeat
🇹🇷 Aztecs · Türkiye
766
+13
🇦🇷 Celts · Argentina
693
-31
gbbautista287
7:10 Loom
12:02 Feudal Age
12:38 Double-Bit Axe
12:36 Horse Collar
14:53 Man-at-Arms
16:05 Gold Mining
17:23 Wheelbarrow
17:28 Town Watch
18:23 Arson
19:36 Forging
19:28 Scale Mail Armor
24:43 Castle Age
22:57 Scale Barding Armor
24:06 Fletching
25:45 Hand Cart
25:23 Stone Mining
28:59 Long Swordsman
31:13 Padded Archer Armor
31:53 Bow Saw
Tunga
11:11 Feudal Age
9:28 Loom
12:07 Double-Bit Axe
17:00 Horse Collar
20:58 Wheelbarrow
20:56 Scale Mail Armor
21:07 Forging
21:16 Forging
26:26 Castle Age
24:12 Town Watch
27:24 Bow Saw
27:04 Crossbowman
27:58 Heavy Plow
28:34 Hand Cart
28:26 Padded Archer Armor
28:16 Fletching
29:05 Stone Mining
29:05 Gold Mining
30:24 Eagle Warrior
31:51 Gold Shaft Mining
Connection lost

Rejoining the realm…

Still unreachable

The connection could not be restored.

Session expired

The server has moved on; the page needs a fresh start.